[ AOE2 MATCH · #458056309 ]
UnrankedMongols vs Spanish
[ REPLAY ANALYSIS · EXTRACTED FROM THE RECORDED GAME ]
Feudal
10:19
Castle
14:13
Imperial
30:44
| APM avg | 28.7 |
| APM peak | 82 |
| eAPM avg | 15.2 |
| Villagers / military | 155 / 347 |
Focus
⚔️ 42.6% · 🌾 57.4%
Mangudai ×168 · Scout Cavalry ×163 · Battering Ram ×8 · Monk ×3 · Spearman ×3 · Trebuchet (Packed) ×2
Feudal
—
Castle
—
Imperial
—
| APM avg | 35.9 |
| APM peak | 94 |
| eAPM avg | 20.9 |
| Villagers / military | 159 / 325 |
Focus
⚔️ 44.6% · 🌾 55.4%
Scout Cavalry ×181 · Conquistador ×97 · Battering Ram ×25 · Skirmisher ×20 · Monk ×2
Feudal
9:24
Castle
21:30
Imperial
42:57
| APM avg | 25.3 |
| APM peak | 48 |
| eAPM avg | 16.8 |
| Villagers / military | 127 / 158 |
Focus
⚔️ 45.2% · 🌾 54.8%
Archer ×120 · Unknown (2579) ×79 · Skirmisher ×24 · Petard ×4 · Battering Ram ×3 · Mangonel ×2
Feudal
11:45
Castle
18:53
Imperial
33:30
| APM avg | 32.7 |
| APM peak | 73 |
| eAPM avg | 18.0 |
| Villagers / military | 172 / 264 |
Focus
⚔️ 36.6% · 🌾 63.4%
Spearman ×189 · Konnik ×67 · Militia ×6 · Trebuchet (Packed) ×2
Feudal
10:40
Castle
21:43
Imperial
27:02
| APM avg | 39.1 |
| APM peak | 92 |
| eAPM avg | 25.0 |
| Villagers / military | 201 / 33 |
Focus
⚔️ 24.6% · 🌾 75.4%
Unknown (2550) ×104 · Spearman ×14 · Trebuchet (Packed) ×14 · Unknown (2562) ×13 · Archer ×3 · Mangonel ×2
Feudal
8:49
Castle
20:51
Imperial
35:06
| APM avg | 23.0 |
| APM peak | 61 |
| eAPM avg | 13.4 |
| Villagers / military | 100 / 78 |
Focus
⚔️ 30.0% · 🌾 70.0%
Unknown (2550) ×140 · Petard ×40 · Spearman ×29 · Unknown (2586) ×14 · Trebuchet (Packed) ×5 · Battering Ram ×4
Feudal
11:00
Castle
14:58
Imperial
36:51
| APM avg | 33.1 |
| APM peak | 71 |
| eAPM avg | 11.8 |
| Villagers / military | 107 / 181 |
Focus
⚔️ 36.6% · 🌾 63.4%
Cavalry Archer ×110 · Spearman ×45 · Skirmisher ×20 · Knight ×5 · Trebuchet (Packed) ×1
Feudal
—
Castle
—
Imperial
—
| APM avg | 47.1 |
| APM peak | 110 |
| eAPM avg | 28.8 |
| Villagers / military | 154 / 258 |
Focus
⚔️ 46.6% · 🌾 53.4%
Knight ×253 · Trebuchet (Packed) ×5
Match map
Initial resources + every placement click. Lines = walls · curves = elevation contours. ◆ gold · ⬟ stone · ● berries · ✦ relic · ◌ wall gap
Your base· ✓ Closed at 14:13 · 1t walls · 1 gate(s)
DarkIce4999's base· ✓ Closed at 13:27 · 15t walls · 1 gate(s)
iskander's base· ✓ Closed at 21:30 · 4t walls · 1 gate(s)
KRYPTAERNN's base· ✓ Closed at 18:53 · 0t walls · 2 gate(s)
LDCTMAB's base· ✓ Closed at 21:43 · 11t walls · 1 gate(s)
J10KQ's base· ✓ Closed at 20:51 · 4t walls · 1 gate(s)
-DmY-'s base· ✓ Closed at 14:58 · 17t walls · 1 gate(s)
SkullGuardian_'s base· ✓ Closed at 13:04 · 15t walls · 1 gate(s)
Smoothed initial terrain · ◌ = detected wall gap · hover for details
Inputs per minute
— KuKaracha - - DarkIce4999
Build order — KuKaracha
First 150 of 529 actions detected
| 0:01 | Create | Villager (Male) |
| 0:01 | Create | Villager (Male) |
| 0:01 | Create | Villager (Male) |
| 0:01 | Create | Villager (Male) |
| 0:02 | Create | Villager (Male) |
| 0:03 | Build | House |
| 0:05 | Build | House |
| 1:25 | Create | Villager (Male) |
| 1:25 | Create | Villager (Male) |
| 1:48 | Build | Lumber Camp |
| 2:00 | Create | Villager (Male) |
| 2:01 | Create | Villager (Male) |
| 2:19 | Create | Villager (Male) |
| 2:19 | Create | Villager (Male) |
| 2:46 | Create | Villager (Male) |
| 2:46 | Create | Villager (Male) |
| 2:59 | Build | House |
| 3:00 | Build | House |
| 3:21 | Create | Villager (Male) |
| 3:21 | Create | Villager (Male) |
| 3:52 | Create | Villager (Male) |
| 3:53 | Create | Villager (Male) |
| 3:53 | Create | Villager (Male) |
| 3:53 | Create | Villager (Male) |
| 4:12 | Build | Palisade Gate |
| 4:15 | Build | House |
| 4:16 | Build | Palisade Wall |
| 4:18 | Create | Villager (Male) |
| 4:18 | Create | Villager (Male) |
| 5:06 | Build | Mill |
| 5:14 | Create | Villager (Male) |
| 5:14 | Create | Villager (Male) |
| 5:14 | Create | Villager (Male) |
| 5:15 | Create | Villager (Male) |
| 5:16 | Create | Villager (Male) |
| 6:52 | Create | Villager (Male) |
| 6:52 | Create | Villager (Male) |
| 7:04 | Build | Mill |
| 7:24 | Create | Villager (Male) |
| 7:49 | Build | Mining Camp |
| 7:57 | Research | Feudal Age |
| 7:57 | Research | Feudal Age |
| 9:52 | Create | Villager (Male) |
| 9:52 | Create | Villager (Male) |
| 10:19 | Age | Feudal Age |
| 10:29 | Build | Market |
| 11:08 | Build | Blacksmith |
| 11:33 | Research | Castle Age |
| 11:33 | Research | Castle Age |
| 12:12 | Research | Horse Collar |
| 12:13 | Research | Double-Bit Axe |
| 12:59 | Create | Villager (Male) |
| 13:37 | Build | Farm |
| 13:38 | Build | Farm |
| 13:51 | Build | Barracks |
| 14:13 | Age | Castle Age |
| 14:20 | Build | Town Center |
| 14:21 | Create | Villager (Male) |
| 14:21 | Create | Villager (Male) |
| 14:57 | Create | Villager (Male) |
| 14:57 | Create | Villager (Male) |
| 15:13 | Create | Villager (Male) |
| 15:13 | Create | Villager (Male) |
| 15:45 | Create | Villager (Male) |
| 15:54 | Build | Town Center |
| 16:05 | Create | Villager (Male) |
| 16:06 | Create | Villager (Male) |
| 16:08 | Research | Loom |
| 16:13 | Create | Spearman |
| 16:31 | Build | Farm |
| 16:33 | Create | Villager (Male) |
| 16:33 | Create | Villager (Male) |
| 16:44 | Build | Farm |
| 16:52 | Create | Villager (Male) |
| 16:52 | Create | Villager (Male) |
| 16:54 | Create | Spearman |
| 16:55 | Create | Spearman |
| 17:01 | Build | Farm |
| 17:18 | Build | House |
| 17:19 | Build | House |
| 17:21 | Build | Farm |
| 17:28 | Build | Farm |
| 17:30 | Build | Farm |
| 17:41 | Build | Farm |
| 17:42 | Create | Villager (Male) |
| 17:42 | Create | Villager (Male) |
| 18:05 | Build | Farm |
| 18:07 | Create | Villager (Male) |
| 18:10 | Build | Farm |
| 18:12 | Build | Farm |
| 18:15 | Build | Farm |
| 18:19 | Create | Villager (Male) |
| 18:20 | Create | Villager (Male) |
| 18:22 | Build | Farm |
| 18:25 | Build | Farm |
| 18:29 | Build | Farm |
| 18:35 | Create | Villager (Male) |
| 18:35 | Create | Villager (Male) |
| 18:44 | Build | Farm |
| 18:52 | Build | Mill |
| 18:58 | Create | Villager (Male) |
| 18:58 | Create | Villager (Male) |
| 18:58 | Create | Villager (Male) |
| 19:09 | Create | Villager (Male) |
| 19:09 | Create | Villager (Male) |
| 19:17 | Build | House |
| 19:20 | Create | Villager (Male) |
| 19:20 | Create | Villager (Male) |
| 19:20 | Create | Villager (Male) |
| 19:34 | Create | Villager (Male) |
| 19:34 | Create | Villager (Male) |
| 19:37 | Build | Farm |
| 19:43 | Create | Villager (Male) |
| 19:49 | Create | Villager (Male) |
| 19:50 | Create | Villager (Male) |
| 19:57 | Build | Farm |
| 19:57 | Build | Farm |
| 19:57 | Build | Farm |
| 20:00 | Create | Villager (Male) |
| 20:00 | Create | Villager (Male) |
| 20:07 | Build | Farm |
| 20:08 | Create | Villager (Male) |
| 20:09 | Create | Villager (Male) |
| 20:17 | Build | Gate |
| 20:20 | Build | Stone Wall |
| 20:23 | Create | Villager (Male) |
| 20:23 | Create | Villager (Male) |
| 20:23 | Create | Villager (Male) |
| 20:34 | Research | Heavy Plow |
| 20:35 | Research | Heavy Plow |
| 20:37 | Build | Farm |
| 20:50 | Build | House |
| 20:52 | Build | House |
| 20:55 | Create | Villager (Male) |
| 20:55 | Create | Villager (Male) |
| 20:56 | Create | Villager (Male) |
| 21:01 | Build | Farm |
| 21:15 | Create | Villager (Male) |
| 21:15 | Create | Villager (Male) |
| 21:22 | Create | Villager (Male) |
| 21:23 | Create | Villager (Male) |
| 21:30 | Create | Villager (Male) |
| 22:14 | Create | Villager (Male) |
| 22:14 | Create | Villager (Male) |
| 22:24 | Build | Monastery |
| 22:25 | Create | Villager (Male) |
| 22:25 | Create | Villager (Male) |
| 22:30 | Create | Villager (Male) |
| 22:31 | Create | Villager (Male) |
| 22:42 | Build | Mill |
Build order — DarkIce4999
First 150 of 635 actions detected
| 0:03 | Create | Villager (Male) |
| 0:03 | Create | Villager (Male) |
| 0:04 | Create | Villager (Male) |
| 0:07 | Build | House |
| 0:09 | Build | House |
| 0:22 | Create | Villager (Male) |
| 0:22 | Create | Villager (Male) |
| 1:33 | Create | Villager (Male) |
| 1:33 | Create | Villager (Male) |
| 2:08 | Create | Villager (Male) |
| 2:08 | Create | Villager (Male) |
| 2:18 | Build | Lumber Camp |
| 2:19 | Create | Villager (Male) |
| 2:20 | Create | Villager (Male) |
| 2:49 | Create | Villager (Male) |
| 2:50 | Create | Villager (Male) |
| 3:01 | Create | Villager (Male) |
| 3:02 | Create | Villager (Male) |
| 3:33 | Create | Villager (Male) |
| 3:40 | Research | Loom |
| 3:41 | Create | Villager (Male) |
| 3:55 | Build | House |
| 4:12 | Create | Villager (Male) |
| 4:12 | Create | Villager (Male) |
| 4:13 | Create | Villager (Male) |
| 4:40 | Create | Villager (Male) |
| 4:41 | Create | Villager (Male) |
| 5:11 | Create | Villager (Male) |
| 5:11 | Create | Villager (Male) |
| 5:37 | Build | House |
| 5:38 | Create | Villager (Male) |
| 5:46 | Create | Villager (Male) |
| 5:46 | Create | Villager (Male) |
| 5:46 | Create | Villager (Male) |
| 6:06 | Build | Mill |
| 6:14 | Build | House |
| 6:43 | Create | Villager (Male) |
| 6:44 | Create | Villager (Male) |
| 7:03 | Create | Villager (Male) |
| 7:04 | Create | Villager (Male) |
| 7:12 | Build | Palisade Wall |
| 7:17 | Create | Villager (Male) |
| 7:20 | Create | Villager (Male) |
| 7:21 | Create | Villager (Male) |
| 7:42 | Build | Palisade Gate |
| 7:46 | Create | Villager (Male) |
| 8:18 | Create | Villager (Male) |
| 8:35 | Create | Villager (Male) |
| 8:54 | Create | Villager (Male) |
| 9:05 | Build | House |
| 9:41 | Research | Feudal Age |
| 9:42 | Research | Feudal Age |
| 9:49 | Build | Mining Camp |
| 10:42 | Build | Farm |
| 10:43 | Build | Farm |
| 10:46 | Build | Farm |
| 10:48 | Build | Farm |
| 12:00 | Create | Villager (Male) |
| 12:01 | Create | Villager (Male) |
| 12:09 | Build | Market |
| 12:18 | Build | Blacksmith |
| 12:34 | Build | Farm |
| 12:38 | Build | Farm |
| 12:43 | Build | Farm |
| 12:47 | Build | Farm |
| 12:51 | Create | Villager (Male) |
| 13:27 | Research | Castle Age |
| 13:27 | Research | Castle Age |
| 13:49 | Research | Double-Bit Axe |
| 13:50 | Research | Double-Bit Axe |
| 15:11 | Research | Horse Collar |
| 16:15 | Create | Villager (Male) |
| 16:16 | Create | Villager (Male) |
| 16:35 | Build | House |
| 16:42 | Create | Villager (Male) |
| 16:53 | Create | Villager (Male) |
| 17:10 | Build | Castle |
| 17:15 | Create | Villager (Male) |
| 17:41 | Create | Villager (Male) |
| 17:48 | Research | Gold Mining |
| 17:57 | Build | Town Center |
| 18:05 | Create | Villager (Male) |
| 18:17 | Research | Bow Saw |
| 18:23 | Build | Mining Camp |
| 18:24 | Create | Conquistador |
| 18:25 | Create | Conquistador |
| 18:34 | Create | Villager (Male) |
| 18:57 | Create | Villager (Male) |
| 19:03 | Create | Villager (Male) |
| 19:05 | Create | Villager (Male) |
| 19:12 | Create | Conquistador |
| 19:13 | Create | Conquistador |
| 19:18 | Create | Villager (Male) |
| 19:22 | Create | Villager (Male) |
| 19:22 | Create | Villager (Male) |
| 19:29 | Build | Farm |
| 19:34 | Build | Farm |
| 19:41 | Build | Farm |
| 19:42 | Build | Farm |
| 19:44 | Build | Farm |
| 19:46 | Build | Farm |
| 19:52 | Build | Farm |
| 19:55 | Create | Villager (Male) |
| 19:57 | Create | Villager (Male) |
| 20:08 | Create | Conquistador |
| 20:16 | Build | Farm |
| 20:18 | Build | Farm |
| 20:25 | Create | Villager (Male) |
| 20:28 | Build | Farm |
| 20:32 | Build | Farm |
| 20:35 | Create | Villager (Male) |
| 20:40 | Build | House |
| 20:42 | Create | Conquistador |
| 20:57 | Create | Villager (Male) |
| 20:59 | Create | Villager (Male) |
| 21:02 | Build | Farm |
| 21:07 | Create | Villager (Male) |
| 21:24 | Build | House |
| 21:25 | Create | Villager (Male) |
| 21:26 | Create | Villager (Male) |
| 21:37 | Build | Farm |
| 21:38 | Create | Villager (Male) |
| 22:08 | Create | Conquistador |
| 22:36 | Create | Villager (Male) |
| 22:37 | Create | Villager (Male) |
| 22:37 | Create | Villager (Male) |
| 22:44 | Build | Town Center |
| 22:47 | Build | House |
| 22:48 | Build | House |
| 22:50 | Create | Conquistador |
| 22:50 | Create | Conquistador |
| 22:53 | Build | Farm |
| 22:56 | Build | Farm |
| 22:58 | Build | Farm |
| 23:00 | Create | Villager (Male) |
| 23:03 | Create | Villager (Male) |
| 23:05 | Create | Villager (Male) |
| 23:31 | Research | Padded Archer Armor |
| 23:34 | Build | Monastery |
| 23:36 | Create | Conquistador |
| 23:36 | Create | Conquistador |
| 23:59 | Create | Villager (Male) |
| 24:01 | Create | Villager (Male) |
| 24:06 | Research | Wheelbarrow |
| 24:07 | Research | Wheelbarrow |
| 24:09 | Build | Farm |
| 24:10 | Build | Farm |
| 24:19 | Create | Villager (Male) |
| 24:32 | Research | Leather Archer Armor |
| 24:33 | Research | Leather Archer Armor |
Build order — iskander
First 150 of 522 actions detected
| 0:05 | Build | House |
| 0:06 | Build | House |
| 0:07 | Create | Villager (Male) ×4 |
| 1:25 | Create | Villager (Male) |
| 1:37 | Create | Villager (Male) |
| 2:13 | Create | Villager (Male) |
| 2:24 | Build | Settlement |
| 2:54 | Create | Villager (Male) |
| 3:02 | Create | Villager (Male) |
| 3:25 | Create | Villager (Male) |
| 3:51 | Create | Villager (Male) |
| 4:12 | Create | Villager (Male) |
| 4:59 | Create | Villager (Male) |
| 4:59 | Create | Villager (Male) |
| 5:34 | Create | Villager (Male) |
| 5:35 | Create | Villager (Male) |
| 6:15 | Research | Loom |
| 7:09 | Build | Settlement |
| 7:14 | Research | Feudal Age |
| 7:43 | Build | Barracks |
| 8:15 | Create | Villager (Male) |
| 8:23 | Build | House |
| 9:15 | Build | Palisade Gate |
| 9:24 | Age | Feudal Age |
| 9:24 | Build | Palisade Wall |
| 9:26 | Build | Archery Range |
| 9:28 | Create | Villager (Male) |
| 9:32 | Research | Double-Bit Axe |
| 9:45 | Build | Archery Range |
| 9:49 | Create | Villager (Male) |
| 10:10 | Build | Blacksmith |
| 10:20 | Create | Archer |
| 10:24 | Create | Villager (Male) |
| 10:47 | Create | Spearman |
| 10:51 | Create | Archer |
| 11:07 | Create | Villager (Male) |
| 11:10 | Create | Archer |
| 11:21 | Build | House |
| 11:36 | Create | Archer |
| 11:36 | Create | Archer |
| 11:42 | Create | Villager (Male) |
| 11:56 | Build | House |
| 12:13 | Create | Villager (Male) |
| 12:17 | Create | Archer |
| 12:17 | Create | Archer |
| 12:35 | Create | Villager (Male) |
| 12:47 | Create | Villager (Male) |
| 13:12 | Research | Fletching |
| 13:28 | Create | Villager (Male) |
| 13:34 | Build | Farm |
| 13:49 | Build | House |
| 13:57 | Build | Farm |
| 14:00 | Build | Farm |
| 14:05 | Build | Farm |
| 14:13 | Create | Villager (Male) |
| 14:21 | Build | House |
| 14:30 | Create | Archer |
| 14:30 | Create | Archer |
| 14:33 | Create | Villager (Male) |
| 14:42 | Build | Farm |
| 14:43 | Build | Farm |
| 14:45 | Build | Farm |
| 14:48 | Build | Farm |
| 14:50 | Build | Farm |
| 14:53 | Build | Farm |
| 14:55 | Create | Villager (Male) |
| 15:03 | Create | Archer |
| 15:04 | Create | Archer |
| 15:14 | Build | Farm |
| 15:40 | Create | Archer |
| 15:46 | Create | Villager (Male) |
| 15:47 | Create | Villager (Male) |
| 15:56 | Build | Farm |
| 15:59 | Build | Farm |
| 16:01 | Create | Villager (Male) |
| 16:14 | Build | Farm |
| 16:17 | Build | Farm |
| 16:19 | Build | Farm |
| 16:22 | Create | Villager (Male) |
| 16:29 | Create | Archer |
| 16:30 | Create | Archer |
| 16:38 | Build | House |
| 16:41 | Build | House |
| 17:15 | Build | House |
| 17:24 | Create | Archer |
| 17:24 | Create | Archer |
| 17:28 | Build | Farm |
| 18:25 | Create | Villager (Male) |
| 18:44 | Research | Castle Age |
| 18:58 | Research | Horse Collar |
| 19:02 | Research | Gold Mining |
| 19:08 | Create | Skirmisher |
| 19:08 | Create | Skirmisher |
| 19:24 | Create | Archer |
| 19:24 | Create | Archer |
| 19:55 | Build | Archery Range |
| 19:59 | Create | Villager (Male) |
| 19:59 | Create | Villager (Male) |
| 20:39 | Create | Archer |
| 20:39 | Create | Archer |
| 20:53 | Create | Archer |
| 21:24 | Build | House |
| 21:26 | Build | House |
| 21:30 | Age | Castle Age |
| 21:34 | Research | Crossbowman (upgrade) |
| 21:37 | Research | Bodkin Arrow |
| 21:38 | Research | Padded Archer Armor |
| 21:41 | Create | Skirmisher |
| 21:43 | Research | Elite Skirmisher (upgrade) |
| 21:44 | Create | Skirmisher |
| 22:00 | Create | Villager (Male) |
| 22:09 | Research | Bow Saw |
| 22:29 | Create | Villager (Male) |
| 22:39 | Build | House |
| 22:47 | Create | Archer |
| 22:47 | Create | Archer |
| 22:48 | Create | Skirmisher |
| 22:48 | Create | Skirmisher |
| 22:55 | Create | Villager (Male) |
| 23:22 | Create | Villager (Male) |
| 23:29 | Build | University |
| 23:42 | Create | Villager (Male) |
| 23:45 | Create | Archer |
| 23:46 | Create | Skirmisher |
| 23:46 | Create | Skirmisher |
| 24:01 | Create | Skirmisher |
| 24:01 | Create | Skirmisher |
| 24:01 | Create | Archer |
| 24:02 | Create | Archer |
| 24:13 | Create | Skirmisher |
| 24:13 | Create | Archer |
| 24:13 | Create | Skirmisher |
| 24:13 | Create | Archer |
| 24:13 | Create | Archer |
| 24:16 | Create | Villager (Male) |
| 24:52 | Build | House |
| 25:14 | Create | Skirmisher |
| 25:14 | Create | Archer |
| 25:33 | Create | Villager (Male) |
| 25:39 | Build | Town Center |
| 26:11 | Research | Ballistics |
| 26:20 | Create | Villager (Male) |
| 26:22 | Build | House |
| 26:23 | Build | House |
| 26:23 | Build | House |
| 26:23 | Build | House |
| 26:35 | Create | Villager (Male) |
| 26:35 | Create | Villager (Male) |
| 26:49 | Research | Leather Archer Armor |
| 26:58 | Build | Settlement |
Build order — KRYPTAERNN
First 150 of 551 actions detected
| 0:02 | Create | Villager (Male) |
| 0:02 | Create | Villager (Male) |
| 0:02 | Create | Villager (Male) |
| 0:05 | Build | House |
| 0:05 | Build | House |
| 1:22 | Create | Villager (Male) |
| 1:54 | Create | Villager (Male) |
| 1:54 | Create | Villager (Male) |
| 2:14 | Create | Villager (Male) |
| 2:14 | Create | Villager (Male) |
| 2:29 | Build | Lumber Camp |
| 2:57 | Create | Villager (Male) |
| 3:16 | Research | Loom |
| 3:27 | Create | Villager (Male) |
| 3:44 | Build | House |
| 4:05 | Build | House |
| 4:10 | Create | Villager (Male) |
| 4:47 | Create | Villager (Male) |
| 5:02 | Create | Villager (Male) |
| 5:17 | Create | Villager (Male) |
| 5:32 | Build | Mill |
| 6:05 | Create | Villager (Male) |
| 6:06 | Create | Villager (Male) |
| 6:35 | Create | Villager (Male) |
| 6:47 | Create | Villager (Male) |
| 6:47 | Create | Villager (Male) |
| 7:12 | Build | House |
| 7:34 | Create | Villager (Male) |
| 8:08 | Build | Barracks |
| 8:14 | Create | Villager (Male) |
| 8:39 | Build | Palisade Gate |
| 8:39 | Build | Palisade Gate |
| 8:44 | Create | Villager (Male) |
| 9:10 | Create | Villager (Male) |
| 9:30 | Research | Feudal Age |
| 9:31 | Research | Feudal Age |
| 10:23 | Build | Mining Camp |
| 11:27 | Create | Villager (Male) |
| 11:45 | Age | Feudal Age |
| 11:48 | Build | Gate |
| 11:49 | Create | Villager (Male) |
| 11:58 | Build | Blacksmith |
| 12:04 | Build | Archery Range |
| 12:09 | Create | Villager (Male) |
| 12:14 | Create | Militia |
| 12:21 | Create | Villager (Male) |
| 12:31 | Build | Watch Tower |
| 12:38 | Create | Militia |
| 12:42 | Create | Villager (Male) |
| 12:50 | Create | Militia |
| 13:04 | Build | House |
| 13:46 | Create | Villager (Male) |
| 13:53 | Build | Mining Camp |
| 14:07 | Build | House |
| 14:08 | Build | House |
| 14:35 | Build | House |
| 14:40 | Create | Villager (Male) |
| 15:10 | Create | Villager (Male) |
| 16:13 | Research | Castle Age |
| 16:13 | Research | Castle Age |
| 17:04 | Research | Double-Bit Axe |
| 17:05 | Research | Double-Bit Axe |
| 17:25 | Build | House |
| 17:26 | Build | House |
| 17:31 | Research | Horse Collar |
| 17:31 | Research | Horse Collar |
| 17:36 | Build | Farm |
| 17:37 | Build | Farm |
| 17:38 | Build | Farm |
| 17:39 | Build | Farm |
| 17:41 | Build | Farm |
| 17:42 | Build | Farm |
| 17:44 | Build | Farm |
| 18:01 | Research | Scale Mail Armor |
| 18:01 | Research | Scale Mail Armor |
| 18:05 | Create | Militia |
| 18:05 | Create | Militia |
| 18:05 | Create | Militia |
| 18:12 | Build | Farm |
| 18:16 | Build | Farm |
| 18:22 | Build | Farm |
| 18:34 | Build | Farm |
| 18:39 | Build | Farm |
| 18:40 | Build | Farm |
| 18:43 | Build | Farm |
| 18:48 | Build | House |
| 18:49 | Build | House |
| 18:53 | Age | Castle Age |
| 18:57 | Create | Spearman |
| 18:58 | Create | Spearman |
| 19:16 | Create | Villager (Male) |
| 19:16 | Create | Villager (Male) |
| 19:36 | Build | Town Center |
| 19:41 | Create | Villager (Male) |
| 20:02 | Create | Villager (Male) |
| 20:16 | Research | Pikeman (upgrade) |
| 20:16 | Research | Pikeman (upgrade) |
| 20:22 | Build | Farm |
| 20:32 | Build | House |
| 20:33 | Build | House |
| 20:35 | Create | Spearman |
| 20:38 | Create | Villager (Male) |
| 20:55 | Build | Farm |
| 20:57 | Create | Villager (Male) |
| 21:05 | Create | Villager (Male) |
| 21:11 | Create | Spearman |
| 21:11 | Create | Spearman |
| 21:18 | Create | Villager (Male) |
| 21:25 | Build | Farm |
| 21:29 | Build | Farm |
| 21:32 | Create | Villager (Male) |
| 21:36 | Create | Spearman |
| 21:36 | Create | Spearman |
| 21:43 | Create | Spearman |
| 21:49 | Create | Villager (Male) |
| 21:49 | Create | Villager (Male) |
| 21:57 | Build | Farm |
| 21:59 | Create | Villager (Male) |
| 22:05 | Build | House |
| 22:06 | Build | House |
| 22:14 | Create | Villager (Male) |
| 22:19 | Create | Spearman |
| 22:37 | Build | Farm |
| 22:40 | Create | Villager (Male) |
| 22:42 | Create | Villager (Male) |
| 22:47 | Build | Farm |
| 22:51 | Create | Spearman |
| 22:53 | Research | Gambesons |
| 22:54 | Research | Gambesons |
| 22:59 | Create | Villager (Male) |
| 23:03 | Create | Villager (Male) |
| 23:09 | Build | House |
| 23:13 | Build | Palisade Gate |
| 23:18 | Create | Spearman |
| 23:18 | Create | Spearman |
| 23:30 | Create | Villager (Male) |
| 23:30 | Create | Villager (Male) |
| 23:30 | Create | Villager (Male) |
| 23:34 | Create | Villager (Male) |
| 23:52 | Build | Barracks |
| 23:54 | Create | Spearman |
| 23:54 | Create | Spearman |
| 24:06 | Create | Villager (Male) |
| 24:06 | Create | Villager (Male) |
| 24:06 | Create | Villager (Male) |
| 24:26 | Build | Krepost |
| 24:32 | Create | Spearman |
| 24:33 | Create | Villager (Male) |
| 24:33 | Create | Villager (Male) |
| 24:39 | Build | Farm |
Build order — LDCTMAB
First 150 of 462 actions detected
| 0:01 | Create | Villager (Male) |
| 0:02 | Build | House |
| 0:04 | Build | House |
| 0:13 | Create | Villager (Male) |
| 0:14 | Create | Villager (Male) |
| 0:32 | Create | Villager (Male) |
| 0:32 | Create | Villager (Male) |
| 1:27 | Create | Villager (Male) |
| 1:27 | Create | Villager (Male) |
| 1:51 | Build | Settlement |
| 1:58 | Create | Villager (Male) |
| 1:58 | Create | Villager (Male) |
| 2:05 | Create | Villager (Male) |
| 2:05 | Create | Villager (Male) |
| 2:36 | Create | Villager (Male) |
| 2:36 | Create | Villager (Male) |
| 3:10 | Create | Villager (Male) |
| 3:11 | Create | Villager (Male) |
| 3:31 | Create | Villager (Male) |
| 4:03 | Create | Villager (Male) |
| 4:03 | Create | Villager (Male) |
| 4:08 | Create | Villager (Male) |
| 4:08 | Create | Villager (Male) |
| 4:26 | Build | Settlement |
| 4:35 | Research | Loom |
| 4:37 | Create | Villager (Male) |
| 4:37 | Create | Villager (Male) |
| 4:48 | Build | Palisade Gate |
| 5:01 | Create | Villager (Male) |
| 5:01 | Create | Villager (Male) |
| 5:02 | Create | Villager (Male) |
| 5:02 | Create | Villager (Male) |
| 6:25 | Build | Palisade Wall |
| 6:40 | Create | Villager (Male) |
| 6:49 | Build | Barracks |
| 7:15 | Create | Villager (Male) |
| 7:26 | Build | House |
| 7:58 | Create | Villager (Male) |
| 8:30 | Research | Feudal Age |
| 8:35 | Build | Settlement |
| 9:25 | Build | House |
| 9:31 | Build | Palisade Wall |
| 9:37 | Build | House |
| 9:43 | Build | House |
| 9:46 | Build | House |
| 9:49 | Build | House |
| 9:51 | Build | Palisade Wall |
| 10:30 | Create | Villager (Male) |
| 10:40 | Age | Feudal Age |
| 10:42 | Build | House |
| 10:44 | Create | Villager (Male) |
| 11:17 | Build | Settlement |
| 11:22 | Build | Watch Tower |
| 11:26 | Build | Settlement |
| 11:39 | Create | Villager (Male) |
| 11:39 | Create | Villager (Male) |
| 12:02 | Build | Blacksmith |
| 12:11 | Build | House |
| 12:15 | Build | Stone Wall |
| 12:21 | Create | Villager (Male) |
| 13:01 | Create | Villager (Male) |
| 13:14 | Create | Villager (Male) |
| 13:40 | Build | Watch Tower |
| 13:41 | Create | Villager (Male) |
| 14:02 | Research | Double-Bit Axe |
| 14:16 | Research | Town Watch |
| 14:26 | Create | Villager (Male) |
| 14:28 | Create | Villager (Male) |
| 14:41 | Build | Farm |
| 14:43 | Research | Horse Collar |
| 14:43 | Create | Villager (Male) |
| 15:08 | Build | Farm |
| 15:10 | Build | Farm |
| 15:18 | Build | Farm |
| 15:31 | Create | Villager (Male) |
| 15:31 | Create | Villager (Male) |
| 15:31 | Create | Villager (Male) |
| 15:31 | Create | Villager (Male) |
| 15:35 | Build | Farm |
| 15:40 | Build | Farm |
| 15:43 | Build | Farm |
| 16:00 | Research | Wheelbarrow |
| 16:04 | Build | Farm |
| 16:08 | Build | Farm |
| 16:18 | Build | Gate |
| 16:20 | Build | Stone Wall |
| 16:31 | Build | Farm |
| 16:34 | Build | Farm |
| 17:10 | Build | Farm |
| 17:13 | Build | Farm |
| 17:15 | Create | Villager (Male) |
| 17:22 | Build | Farm |
| 17:29 | Build | Farm |
| 17:29 | Build | Farm |
| 17:29 | Build | Farm |
| 17:37 | Build | Farm |
| 17:55 | Build | Farm |
| 17:57 | Create | Villager (Male) |
| 18:14 | Build | Market |
| 18:16 | Create | Villager (Male) |
| 19:03 | Research | Castle Age |
| 19:03 | Research | Castle Age |
| 19:20 | Build | Archery Range |
| 19:57 | Build | Farm |
| 20:04 | Research | Gold Mining |
| 20:08 | Create | Archer |
| 20:09 | Create | Archer |
| 20:09 | Create | Archer |
| 20:25 | Research | Fletching |
| 20:26 | Research | Padded Archer Armor |
| 20:54 | Build | Farm |
| 21:38 | Create | Villager (Male) |
| 21:38 | Create | Villager (Male) |
| 21:43 | Age | Castle Age |
| 22:00 | Build | Monastery |
| 22:00 | Create | Villager (Male) |
| 22:10 | Build | Stone Wall |
| 22:14 | Build | Stone Wall |
| 22:21 | Create | Villager (Male) |
| 22:34 | Build | Gate |
| 23:14 | Build | Siege Workshop |
| 23:15 | Create | Villager (Male) |
| 23:32 | Build | House |
| 23:40 | Build | Stone Wall |
| 23:42 | Build | Stone Wall |
| 23:52 | Research | Imperial Age |
| 24:31 | Research | Stone Mining |
| 24:58 | Build | Town Center |
| 25:15 | Research | Bodkin Arrow |
| 25:21 | Research | Stone Shaft Mining |
| 25:50 | Create | Mangonel |
| 27:02 | Age | Imperial Age |
| 27:07 | Build | Castle |
| 27:17 | Create | Mangonel |
| 27:23 | Create | Villager (Male) |
| 27:47 | Create | Villager (Male) |
| 28:12 | Create | Villager (Male) |
| 28:12 | Create | Villager (Male) |
| 28:13 | Create | Villager (Male) |
| 28:13 | Create | Villager (Male) |
| 28:29 | Create | Trebuchet (Packed) |
| 28:30 | Create | Villager (Male) |
| 28:45 | Create | Villager (Male) |
| 28:50 | Create | Villager (Male) |
| 28:51 | Build | Farm |
| 28:54 | Build | Farm |
| 28:54 | Create | Villager (Male) |
| 29:04 | Create | Villager (Male) |
| 29:12 | Create | Villager (Male) |
| 29:16 | Build | Gate |
Build order — J10KQ
First 150 of 280 actions detected
| 0:01 | Create | Villager (Male) ×4 |
| 0:02 | Build | House |
| 0:03 | Build | House |
| 1:40 | Create | Villager (Male) |
| 1:40 | Create | Villager (Male) |
| 1:54 | Create | Villager (Male) |
| 1:54 | Create | Villager (Male) |
| 2:11 | Create | Villager (Male) |
| 2:11 | Create | Villager (Male) |
| 2:42 | Create | Villager (Male) |
| 2:42 | Create | Villager (Male) |
| 3:00 | Build | Settlement |
| 3:11 | Create | Villager (Male) |
| 3:12 | Create | Villager (Male) |
| 3:12 | Create | Villager (Male) |
| 4:00 | Create | Villager (Male) |
| 4:00 | Create | Villager (Male) |
| 4:42 | Create | Villager (Male) |
| 4:56 | Create | Villager (Male) |
| 5:21 | Research | Loom |
| 6:39 | Research | Feudal Age |
| 7:03 | Build | House |
| 7:05 | Build | Palisade Gate |
| 7:08 | Build | Palisade Wall |
| 7:24 | Create | Villager (Male) |
| 7:29 | Build | Settlement |
| 7:34 | Create | Villager (Male) |
| 7:34 | Create | Villager (Male) |
| 7:56 | Create | Villager (Male) |
| 8:49 | Age | Feudal Age |
| 8:54 | Build | Watch Tower |
| 8:58 | Create | Villager (Male) |
| 9:03 | Create | Villager (Male) |
| 9:17 | Build | Barracks |
| 9:20 | Create | Villager (Male) |
| 9:36 | Create | Villager (Male) |
| 9:49 | Create | Villager (Male) |
| 10:09 | Create | Unit 2550 |
| 10:10 | Create | Unit 2550 |
| 10:23 | Create | Unit 2550 |
| 10:36 | Create | Villager (Male) |
| 10:56 | Create | Villager (Male) |
| 11:09 | Build | Settlement |
| 11:11 | Create | Villager (Male) |
| 11:22 | Create | Villager (Male) |
| 11:26 | Create | Unit 2550 |
| 12:00 | Create | Villager (Male) |
| 12:23 | Create | Villager (Male) |
| 13:14 | Create | Spearman |
| 13:26 | Create | Villager (Male) |
| 13:27 | Create | Villager (Male) |
| 13:38 | Build | Market |
| 13:39 | Create | Villager (Male) |
| 13:56 | Build | Blacksmith |
| 14:21 | Create | Villager (Male) |
| 14:40 | Create | Villager (Male) |
| 14:47 | Build | Farm |
| 14:52 | Build | Farm |
| 14:56 | Build | Farm |
| 14:59 | Build | Farm |
| 15:05 | Create | Villager (Male) |
| 15:23 | Create | Villager (Male) |
| 15:35 | Build | Farm |
| 15:37 | Build | Farm |
| 15:38 | Build | Farm |
| 15:40 | Create | Villager (Male) |
| 16:02 | Build | Farm |
| 16:15 | Create | Villager (Male) |
| 16:29 | Build | Settlement |
| 16:56 | Create | Villager (Male) |
| 16:56 | Create | Villager (Male) |
| 17:03 | Build | Farm |
| 17:04 | Build | Farm |
| 17:06 | Build | Farm |
| 17:32 | Create | Villager (Male) |
| 17:37 | Build | Farm |
| 17:42 | Build | Farm |
| 18:08 | Research | Castle Age |
| 18:24 | Build | Farm |
| 18:29 | Build | House |
| 18:31 | Build | House |
| 18:34 | Build | Farm |
| 18:36 | Build | Farm |
| 18:39 | Build | Farm |
| 18:49 | Create | Spearman |
| 18:49 | Create | Spearman |
| 18:49 | Create | Spearman |
| 19:02 | Build | House |
| 19:09 | Research | Scale Mail Armor |
| 19:19 | Research | Horse Collar |
| 19:33 | Build | House |
| 19:34 | Build | House |
| 19:46 | Create | Villager (Male) |
| 19:51 | Research | Double-Bit Axe |
| 20:16 | Build | Farm |
| 20:51 | Age | Castle Age |
| 20:54 | Build | Castle |
| 21:09 | Build | Palisade Gate |
| 21:17 | Build | Palisade Gate |
| 21:23 | Build | Palisade Wall |
| 21:28 | Build | House |
| 21:34 | Create | Villager (Male) |
| 21:35 | Create | Villager (Male) |
| 21:38 | Build | Farm |
| 21:43 | Build | Farm |
| 21:46 | Create | Villager (Male) |
| 21:55 | Research | Squires |
| 22:09 | Create | Villager (Male) |
| 22:29 | Research | Forging |
| 22:41 | Build | House |
| 22:44 | Create | Villager (Male) |
| 23:16 | Build | Siege Workshop |
| 23:26 | Create | Villager (Male) |
| 23:58 | Create | Villager (Male) |
| 24:03 | Create | Battering Ram ×2 |
| 24:16 | Create | Unit 2586 ×4 |
| 24:26 | Create | Villager (Male) |
| 24:45 | Create | Villager (Male) |
| 25:00 | Create | Battering Ram |
| 25:00 | Create | Battering Ram |
| 25:03 | Create | Unit 2586 ×3 |
| 25:06 | Create | Villager (Male) |
| 26:06 | Create | Unit 2586 |
| 26:07 | Create | Unit 2586 |
| 26:32 | Create | Villager (Male) |
| 26:33 | Create | Villager (Male) |
| 26:33 | Create | Villager (Male) |
| 27:07 | Create | Villager (Male) |
| 27:08 | Create | Villager (Male) |
| 27:09 | Create | Villager (Male) |
| 27:46 | Create | Villager (Male) |
| 27:49 | Create | Villager (Male) |
| 28:23 | Create | Villager (Male) |
| 28:33 | Create | Unit 2586 ×5 |
| 28:39 | Create | Villager (Male) |
| 28:47 | Build | Town Center |
| 28:49 | Create | Villager (Male) |
| 29:33 | Create | Villager (Male) |
| 31:19 | Create | Villager (Male) |
| 31:23 | Build | Farm |
| 31:25 | Create | Villager (Male) |
| 31:25 | Create | Villager (Male) |
| 31:47 | Create | Villager (Male) |
| 31:50 | Build | Barracks |
| 31:56 | Research | Imperial Age |
| 31:59 | Build | Farm |
| 32:13 | Build | Barracks |
| 32:17 | Research | Chain Mail Armor |
| 32:17 | Research | Iron Casting |
| 32:23 | Build | Farm |
Build order — -DmY-
First 150 of 381 actions detected
| 0:01 | Create | Villager (Male) |
| 0:02 | Create | Villager (Male) |
| 0:02 | Create | Villager (Male) |
| 0:03 | Create | Villager (Male) |
| 0:04 | Build | House |
| 0:05 | Build | House |
| 1:27 | Create | Villager (Male) |
| 2:04 | Create | Villager (Male) |
| 2:12 | Create | Villager (Male) |
| 2:20 | Build | Lumber Camp |
| 2:45 | Create | Villager (Male) |
| 3:13 | Create | Villager (Male) |
| 3:24 | Build | House |
| 3:37 | Create | Villager (Male) |
| 3:46 | Create | Villager (Male) |
| 4:27 | Create | Villager (Male) |
| 4:38 | Create | Villager (Male) |
| 4:52 | Create | Villager (Male) |
| 5:19 | Create | Villager (Male) |
| 5:36 | Create | Villager (Male) |
| 5:45 | Build | House |
| 5:53 | Build | House |
| 6:01 | Create | Villager (Male) |
| 6:02 | Create | Villager (Male) |
| 6:10 | Build | House |
| 6:19 | Create | Villager (Male) |
| 6:31 | Build | House |
| 6:57 | Build | Mill |
| 7:09 | Build | Palisade Wall |
| 7:59 | Create | Villager (Male) |
| 8:09 | Build | Palisade Wall |
| 8:13 | Create | Villager (Male) |
| 8:24 | Build | Mining Camp |
| 8:50 | Research | Feudal Age |
| 9:00 | Build | Palisade Wall |
| 9:02 | Build | Palisade Wall |
| 9:04 | Build | Palisade Wall |
| 9:04 | Build | Palisade Wall |
| 9:06 | Build | Palisade Wall |
| 9:07 | Build | Palisade Wall |
| 9:08 | Build | Palisade Wall |
| 10:27 | Create | Villager (Male) |
| 11:00 | Age | Feudal Age |
| 11:06 | Build | Market |
| 11:15 | Build | Blacksmith |
| 11:23 | Build | Farm |
| 11:29 | Build | Farm |
| 11:34 | Create | Villager (Male) |
| 11:39 | Build | Farm |
| 12:18 | Research | Castle Age |
| 12:19 | Research | Castle Age |
| 12:19 | Research | Castle Age |
| 12:50 | Build | Barracks |
| 13:06 | Research | Horse Collar |
| 13:12 | Research | Double-Bit Axe |
| 13:38 | Research | Horse Collar |
| 13:51 | Build | Gate |
| 14:13 | Create | Villager (Male) |
| 14:42 | Build | Archery Range |
| 14:48 | Research | Fletching |
| 14:56 | Create | Villager (Male) |
| 14:58 | Age | Castle Age |
| 15:40 | Create | Villager (Male) |
| 15:52 | Build | Archery Range |
| 16:09 | Create | Cavalry Archer |
| 16:20 | Build | Town Center |
| 16:26 | Build | Farm |
| 16:29 | Create | Villager (Male) |
| 16:38 | Research | Bow Saw |
| 16:42 | Create | Cavalry Archer |
| 16:48 | Build | House |
| 16:49 | Build | House |
| 16:59 | Create | Cavalry Archer |
| 17:02 | Create | Cavalry Archer |
| 17:07 | Create | Villager (Male) |
| 17:09 | Create | Villager (Male) |
| 17:18 | Create | Cavalry Archer |
| 17:35 | Build | Lumber Camp |
| 17:45 | Research | Gold Mining |
| 17:50 | Create | Cavalry Archer |
| 17:50 | Create | Cavalry Archer |
| 17:57 | Build | House |
| 17:57 | Build | House |
| 17:58 | Build | House |
| 18:06 | Build | Farm |
| 18:20 | Create | Cavalry Archer |
| 18:20 | Create | Cavalry Archer |
| 18:29 | Research | Padded Archer Armor |
| 19:01 | Create | Cavalry Archer |
| 19:01 | Create | Cavalry Archer |
| 19:09 | Build | Stable |
| 19:21 | Create | Villager (Male) |
| 19:24 | Create | Cavalry Archer |
| 19:24 | Create | Cavalry Archer |
| 19:31 | Create | Villager (Male) |
| 19:36 | Build | Farm |
| 19:47 | Create | Cavalry Archer |
| 19:47 | Create | Cavalry Archer |
| 20:19 | Build | House |
| 20:27 | Create | Cavalry Archer |
| 20:27 | Create | Cavalry Archer |
| 20:44 | Research | Husbandry |
| 20:56 | Build | University |
| 21:05 | Create | Cavalry Archer |
| 21:05 | Create | Cavalry Archer |
| 21:17 | Create | Cavalry Archer |
| 21:17 | Create | Cavalry Archer |
| 21:29 | Create | Villager (Male) |
| 21:33 | Build | Farm |
| 21:33 | Build | Farm |
| 21:33 | Build | Farm |
| 21:37 | Build | Farm |
| 21:41 | Create | Villager (Male) |
| 21:47 | Create | Cavalry Archer |
| 21:47 | Create | Cavalry Archer |
| 21:53 | Build | House |
| 21:53 | Build | House |
| 21:54 | Build | House |
| 22:24 | Research | Ballistics |
| 22:29 | Create | Villager (Male) |
| 22:30 | Create | Villager (Male) |
| 22:44 | Create | Villager (Male) |
| 22:54 | Build | Mining Camp |
| 23:05 | Research | Bloodlines |
| 23:27 | Create | Villager (Male) |
| 23:48 | Create | Cavalry Archer |
| 23:48 | Create | Cavalry Archer |
| 24:14 | Create | Knight |
| 24:19 | Create | Cavalry Archer |
| 24:19 | Create | Cavalry Archer |
| 24:27 | Build | Archery Range |
| 24:48 | Create | Cavalry Archer |
| 24:48 | Create | Cavalry Archer |
| 25:30 | Research | Thumb Ring |
| 25:33 | Create | Villager (Male) |
| 25:33 | Create | Villager (Male) |
| 25:37 | Build | Farm |
| 25:37 | Build | Farm |
| 25:38 | Build | Farm |
| 25:38 | Build | Farm |
| 25:38 | Build | Farm |
| 25:44 | Build | House |
| 25:45 | Build | House |
| 25:46 | Create | Villager (Male) |
| 26:01 | Create | Cavalry Archer |
| 26:02 | Create | Cavalry Archer |
| 26:21 | Create | Cavalry Archer |
| 26:22 | Create | Cavalry Archer |
| 26:24 | Create | Villager (Male) |
| 26:26 | Build | House |
Build order — SkullGuardian_
First 150 of 603 actions detected
| 0:00 | Create | Villager (Male) |
| 0:01 | Create | Villager (Male) |
| 0:01 | Create | Villager (Male) |
| 0:01 | Create | Villager (Male) |
| 0:02 | Build | House |
| 0:04 | Build | House |
| 1:23 | Create | Villager (Male) |
| 1:23 | Create | Villager (Male) |
| 1:47 | Build | Lumber Camp |
| 2:03 | Create | Villager (Male) |
| 2:03 | Create | Villager (Male) |
| 2:18 | Create | Villager (Male) |
| 2:48 | Create | Villager (Male) |
| 2:48 | Create | Villager (Male) |
| 3:04 | Create | Villager (Male) |
| 3:38 | Create | Villager (Male) |
| 3:38 | Create | Villager (Male) |
| 4:13 | Build | House |
| 4:19 | Create | Villager (Male) |
| 4:20 | Create | Villager (Male) |
| 4:20 | Create | Villager (Male) |
| 4:41 | Build | Mill |
| 5:09 | Create | Villager (Male) |
| 5:10 | Create | Villager (Male) |
| 5:10 | Create | Villager (Male) |
| 5:10 | Create | Villager (Male) |
| 5:42 | Build | House |
| 5:45 | Create | Villager (Male) |
| 5:45 | Create | Villager (Male) |
| 6:02 | Create | Villager (Male) |
| 6:11 | Build | House |
| 6:43 | Create | Villager (Male) |
| 6:43 | Create | Villager (Male) |
| 6:43 | Create | Villager (Male) |
| 7:07 | Build | Palisade Wall |
| 7:18 | Create | Villager (Male) |
| 7:25 | Build | Lumber Camp |
| 7:31 | Build | Farm |
| 7:46 | Create | Villager (Male) |
| 7:46 | Create | Villager (Male) |
| 7:47 | Create | Villager (Male) |
| 8:03 | Build | Farm |
| 8:28 | Build | Palisade Gate |
| 8:59 | Build | Mining Camp |
| 9:20 | Research | Feudal Age |
| 10:01 | Create | Villager (Male) |
| 10:01 | Create | Villager (Male) |
| 10:02 | Create | Villager (Male) |
| 10:08 | Build | Barracks |
| 10:12 | Build | Farm |
| 11:17 | Build | Farm |
| 12:00 | Build | Stable |
| 12:14 | Build | Blacksmith |
| 13:04 | Research | Castle Age |
| 13:26 | Research | Double-Bit Axe |
| 13:57 | Build | Stable |
| 14:28 | Create | Villager (Male) |
| 14:41 | Build | Farm |
| 14:47 | Build | Farm |
| 14:50 | Build | House |
| 14:53 | Build | House |
| 15:45 | Create | Villager (Male) |
| 15:52 | Create | Knight |
| 15:53 | Create | Knight |
| 15:53 | Create | Villager (Male) |
| 15:55 | Research | Bow Saw |
| 16:01 | Build | Farm |
| 16:06 | Build | Farm |
| 16:11 | Create | Knight |
| 16:12 | Create | Knight |
| 16:22 | Build | Town Center |
| 16:29 | Build | Farm |
| 16:32 | Build | Farm |
| 16:35 | Build | Farm |
| 16:40 | Build | Farm |
| 16:44 | Create | Knight |
| 16:44 | Create | Knight |
| 16:48 | Build | Farm |
| 16:48 | Create | Villager (Male) |
| 16:48 | Create | Villager (Male) |
| 16:55 | Build | Farm |
| 17:02 | Build | House |
| 17:07 | Build | House |
| 17:18 | Build | Farm |
| 17:20 | Create | Knight |
| 17:21 | Create | Knight |
| 17:30 | Build | House |
| 17:38 | Create | Villager (Male) |
| 17:54 | Create | Villager (Male) |
| 18:05 | Build | House |
| 18:08 | Create | Knight |
| 18:14 | Build | Farm |
| 18:16 | Build | Farm |
| 18:26 | Create | Knight |
| 18:30 | Build | Farm |
| 18:32 | Build | Farm |
| 18:34 | Create | Villager (Male) |
| 18:57 | Build | House |
| 18:58 | Create | Villager (Male) |
| 19:06 | Build | Farm |
| 19:07 | Build | Farm |
| 19:07 | Build | Farm |
| 19:07 | Build | Farm |
| 19:07 | Build | Farm |
| 19:07 | Build | Farm |
| 19:10 | Create | Villager (Male) |
| 19:10 | Create | Villager (Male) |
| 19:17 | Create | Villager (Male) |
| 19:29 | Build | House |
| 19:32 | Create | Villager (Male) |
| 19:45 | Research | Loom |
| 19:50 | Create | Knight |
| 19:54 | Create | Villager (Male) |
| 20:03 | Build | House |
| 20:09 | Create | Knight |
| 20:22 | Create | Villager (Male) |
| 20:22 | Create | Villager (Male) |
| 20:32 | Build | Town Center |
| 20:41 | Create | Villager (Male) |
| 20:41 | Create | Villager (Male) |
| 20:44 | Create | Knight |
| 20:51 | Create | Knight |
| 21:11 | Build | House |
| 21:11 | Create | Villager (Male) |
| 21:12 | Create | Villager (Male) |
| 21:31 | Create | Knight |
| 21:32 | Create | Knight |
| 21:45 | Build | House |
| 21:47 | Create | Villager (Male) |
| 21:48 | Create | Villager (Male) |
| 21:54 | Build | Farm |
| 21:57 | Build | Farm |
| 22:01 | Build | Farm |
| 22:04 | Build | Farm |
| 22:19 | Research | Husbandry |
| 22:32 | Build | House |
| 22:33 | Create | Villager (Male) |
| 22:33 | Create | Villager (Male) |
| 22:43 | Create | Knight |
| 22:45 | Create | Knight |
| 22:56 | Build | Farm |
| 23:02 | Build | House |
| 23:05 | Create | Villager (Male) |
| 23:06 | Create | Villager (Male) |
| 23:08 | Create | Villager (Male) |
| 23:10 | Build | Farm |
| 23:11 | Build | Farm |
| 23:12 | Build | Farm |
| 23:13 | Build | Farm |
| 23:25 | Research | Scale Barding Armor |
Match timeline
| 4:16 | KuKaracha · wall_segment Palisade Wall x1 |
| 6:25 | LDCTMAB · wall_segment Palisade Wall x7 |
| 6:49 | LDCTMAB · first_building Barracks |
| 7:07 | SkullGuardian_ · wall_segment Palisade Wall x15 |
| 7:08 | J10KQ · wall_segment Palisade Wall x4 |
| 7:09 | -DmY- · wall_segment Palisade Wall x5 |
| 7:12 | DarkIce4999 · wall_segment Palisade Wall x15 |
| 7:43 | iskander · first_building Barracks |
| 8:08 | KRYPTAERNN · first_building Barracks |
| 8:09 | -DmY- · wall_segment Palisade Wall x5 |
| 8:49 | J10KQ · age_up feudal |
| 9:00 | -DmY- · wall_segment Palisade Wall x1 |
| 9:02 | -DmY- · wall_segment Palisade Wall x1 |
| 9:04 | -DmY- · wall_segment Palisade Wall x1 |
| 9:04 | -DmY- · wall_segment Palisade Wall x1 |
| 9:06 | -DmY- · wall_segment Palisade Wall x1 |
| 9:07 | -DmY- · wall_segment Palisade Wall x1 |
| 9:08 | -DmY- · wall_segment Palisade Wall x1 |
| 9:17 | J10KQ · first_building Barracks |
| 9:24 | iskander · age_up feudal |
| 9:24 | iskander · wall_segment Palisade Wall x4 |
| 9:26 | iskander · first_building Archery Range |
| 9:31 | LDCTMAB · wall_segment Palisade Wall x1 |
| 9:51 | LDCTMAB · wall_segment Palisade Wall x1 |
| 10:08 | SkullGuardian_ · first_building Barracks |
| 10:19 | KuKaracha · age_up feudal |
| 10:40 | LDCTMAB · age_up feudal |
| 11:00 | -DmY- · age_up feudal |
| 11:45 | KRYPTAERNN · age_up feudal |
| 12:00 | SkullGuardian_ · first_building Stable |
| 12:04 | KRYPTAERNN · first_building Archery Range |
| 12:15 | LDCTMAB · wall_segment Stone Wall x1 |
| 12:50 | -DmY- · first_building Barracks |
| 13:13 | DarkIce4999 · first_market_sell 100 stone |
| 13:51 | KuKaracha · first_building Barracks |
| 14:13 | KuKaracha · age_up castle |
| 14:42 | -DmY- · first_building Archery Range |
| 14:58 | -DmY- · age_up castle |
| 16:20 | LDCTMAB · wall_segment Stone Wall x1 |
| 17:10 | DarkIce4999 · first_building Castle |
| 17:58 | J10KQ · first_market_sell 100 wood |
| 18:01 | J10KQ · first_market_buy 100 food |
| 18:53 | KRYPTAERNN · age_up castle |
| 19:09 | -DmY- · first_building Stable |
| 19:20 | LDCTMAB · first_building Archery Range |
| 20:20 | KuKaracha · wall_segment Stone Wall x4 |
| 20:51 | J10KQ · age_up castle |
| 20:54 | J10KQ · first_building Castle |
| 21:23 | J10KQ · wall_segment Palisade Wall x1 |
| 21:30 | iskander · age_up castle |
| 21:34 | LDCTMAB · first_market_sell 500 wood |
| 21:43 | LDCTMAB · age_up castle |
| 22:00 | LDCTMAB · first_building Monastery |
| 22:10 | LDCTMAB · wall_segment Stone Wall x3 |
| 22:14 | LDCTMAB · wall_segment Stone Wall x7 |
| 22:24 | KuKaracha · first_building Monastery |
| 22:59 | LDCTMAB · first_market_buy 100 wood |
| 23:14 | LDCTMAB · first_building Siege Workshop |
| 23:16 | J10KQ · first_building Siege Workshop |
| 23:34 | DarkIce4999 · first_building Monastery |
| 23:40 | LDCTMAB · wall_segment Stone Wall x1 |
| 23:42 | LDCTMAB · wall_segment Stone Wall x1 |
| 24:26 | KuKaracha · first_building Castle |
| 24:26 | KRYPTAERNN · first_building Krepost |
| 24:52 | DarkIce4999 · first_building Barracks |
| 25:13 | KRYPTAERNN · wall_segment Stone Wall x3 |
| 25:39 | DarkIce4999 · first_building Stable |
| 25:55 | KRYPTAERNN · wall_segment Palisade Wall x1 |
| 27:02 | LDCTMAB · age_up imperial |
| 27:07 | LDCTMAB · first_building Castle |
| 27:16 | iskander · first_building Siege Workshop |
| 27:33 | KuKaracha · first_market_sell 100 food |
| 29:44 | iskander · wall_segment Palisade Wall x3 |
| 29:48 | iskander · wall_segment Palisade Wall x11 |
| 30:08 | LDCTMAB · wall_segment Stone Wall x1 |
| 30:12 | LDCTMAB · wall_segment Stone Wall x1 |
| 30:44 | KuKaracha · age_up imperial |
| 31:25 | SkullGuardian_ · first_building Siege Workshop |
| 32:33 | KRYPTAERNN · first_building Castle |
| 32:42 | KRYPTAERNN · wall_segment Stone Wall x4 |
| 32:44 | KRYPTAERNN · wall_segment Stone Wall x3 |
| 33:05 | -DmY- · first_building Siege Workshop |
| 33:30 | KRYPTAERNN · age_up imperial |
| 34:28 | LDCTMAB · wall_segment Stone Wall x1 |
| 35:06 | J10KQ · age_up imperial |
| 35:14 | SkullGuardian_ · first_building Castle |
| 36:21 | DarkIce4999 · first_building Siege Workshop |
| 36:28 | -DmY- · first_building Castle |
| 36:51 | -DmY- · age_up imperial |
| 37:20 | SkullGuardian_ · first_market_sell 500 wood |
| 38:00 | iskander · first_building Castle |
| 38:06 | -DmY- · first_market_sell 100 stone |
| 38:16 | KuKaracha · first_building Stable |
| 39:37 | iskander · first_market_buy 500 food |
| 39:39 | iskander · first_market_sell 500 food |
| 40:51 | DarkIce4999 · first_building Archery Range |
| 42:57 | iskander · age_up imperial |
| 45:33 | KRYPTAERNN · wall_segment Stone Wall x2 |
| 47:14 | KuKaracha · wall_segment Stone Wall x16 |
| 47:40 | -DmY- · tribute_sent a jugador 1 |
| 47:40 | -DmY- · tribute_sent a jugador 2 |
| 47:40 | -DmY- · tribute_sent a jugador 3 |
| 47:40 | -DmY- · tribute_sent a jugador 4 |
| 47:40 | -DmY- · tribute_sent a jugador 5 |
| 47:40 | -DmY- · tribute_sent a jugador 6 |
| 47:40 | -DmY- · tribute_sent a jugador 8 |
| 48:28 | J10KQ · wall_segment Palisade Wall x1 |
| 51:25 | DarkIce4999 · wall_segment Stone Wall x10 |
| 51:29 | KuKaracha · first_building Siege Workshop |
| 52:21 | J10KQ · first_building Archery Range |
| 52:25 | KuKaracha · wall_segment Stone Wall x1 |
| 52:26 | KuKaracha · wall_segment Stone Wall x1 |
| 52:29 | KuKaracha · wall_segment Stone Wall x13 |
| 54:12 | KRYPTAERNN · first_market_sell 100 wood |
| 55:05 | DarkIce4999 · resign |
| 56:18 | J10KQ · wall_segment Palisade Wall x1 |
[ AI ANALYSIS · 1 CREDIT ]
What really happened in this match?
Wolo.gg analyzes every decision: build order, eco, micro, common mistakes by bracket. Personalized analysis on WhatsApp or Discord in 30 seconds.
Civ guide
Mongols
Perfil
Jugador #2630114